 Dungeon Crawl Stone Soup version 0.31-a0-325-g067879e3d3 (webtiles) character file.

Game seed: 14573185892803952678

3339 garrulousMonolith the Magician (level 10, -4/73 HPs)
             Began as a Gnoll Earth Elementalist on July 19, 2023.
             Was an Initiate of Ashenzari.
             Slain by a yak (9 damage)
             ... on level 8 of the Dungeon.
             The game lasted 00:11:30 (8315 turns).

garrulousMonolith the Magician (GnEE)               Turns: 8315, Time: 00:11:30

Health: -4/73      AC:  6    Str: 10    XL:     10   Next: 2%
Magic:  4/20       EV: 14    Int: 16    God:    Ashenzari [......]
Gold:   463        SH:  0    Dex: 13    Spells: 17/23 levels left

rFire   . . .        u - +3 dagger (drain)
rCold   . . .        (no shield)
rNeg    . . .        v - +0 leather armour
rPois   +            (no helmet)
rElec   .            q - +0 cloak
rCorr   .            f - +0 pair of gloves
SInv    +            (no boots)
Will    .....        (no amulet)
Stlth   +++          s - ring of see invisible
HPRegen 0.32/turn    z - ring of poison resistance
MPRegen 0.17/turn

%: no passive effects
@: no status effects
A: fangs 1, strong nose, distributed training
a: Renounce Religion


You were on level 8 of the Dungeon.
You worshipped Ashenzari.
Ashenzari was noncommittal.
You visited 2 branches of the dungeon, and saw 9 of its levels.
You also visited: Sewer.

You collected 463 gold pieces.

Inventory:

Hand Weapons
 u - a +3 dagger of draining (weapon)
Missiles
 a - 6 poisoned darts
 D - 3 curare-tipped darts
Armour
 f - a +0 pair of gloves (worn)
 q - a +0 cloak (worn)
 v - a +0 leather armour (worn)
Magical Staves
 r - a staff of fire
Jewellery
 s - a ring of see invisible (left hand)
 z - a ring of poison resistance (right hand)
Talismans
 l - a beast talisman
 I - a maw talisman
Wands
 k - a wand of roots (3)
 H - a wand of flame (3)
 J - a wand of charming (10)
Scrolls
 c - 4 scrolls of identify
 d - a scroll of vulnerability
 h - a scroll of revelation
 i - a scroll of fear {unknown}
 n - 2 scrolls of amnesia
 o - a scroll of poison {unknown}
 p - 2 scrolls of teleportation
 w - a scroll of silence {unknown}
 y - 2 scrolls of fog
 A - a scroll of acquirement {unknown}
 B - a scroll of noise {unknown}
 C - a scroll of immolation {unknown}
 F - a scroll of torment {unknown}
Potions
 b - a potion of might
 e - a potion of lignification {unknown}
 g - a potion of enlightenment {unknown}
 j - a potion of brilliance
 m - 2 potions of curing
 t - a potion of heal wounds {unknown}
 x - a potion of resistance {unknown}
 E - 2 potions of haste
 G - a potion of mutation {unknown}


   Skills:
 + Level 4.9 Fighting
 + Level 4.9 Short Blades
 + Level 4.9 Long Blades
 + Level 4.9 Axes
 + Level 4.9 Maces & Flails
 + Level 4.9 Polearms
 + Level 4.9 Staves
 + Level 4.9 Ranged Weapons
 + Level 4.9 Throwing
 + Level 4.9 Armour
 + Level 6.8 Dodging
 + Level 6.5 Stealth
 + Level 4.9 Shields
 + Level 4.9 Unarmed Combat
 + Level 7.1 Spellcasting
 + Level 4.0 Conjurations
 + Level 4.0 Hexes
 + Level 4.0 Summonings
 + Level 4.0 Necromancy
 + Level 4.0 Translocations
 + Level 4.6 Transmutations
 + Level 4.0 Fire Magic
 + Level 4.0 Ice Magic
 + Level 4.0 Air Magic
 + Level 6.9 Earth Magic
 + Level 4.0 Poison Magic
 + Level 5.4 Invocations
 + Level 4.9 Evocations
 + Level 4.0 Shapeshifting


You had 17 spell levels left.
You knew the following spells:

 Your Spells              Type           Power      Damage    Failure   Level
a - Sandblast             Erth           54%        2d13      1%          1
b - Stone Arrow           Conj/Erth      46%        3d9       4%          3
c - Passwall              Tmut/Erth      20%        N/A       2%          2

Your spell library contained the following spells:

 Spells                   Type           Power      Damage    Failure   Level
 Ensorcelled Hibernation  Hex/Ice        36%        N/A       4%          2
 Swiftness                Air            18%        N/A       9%          3
 Petrify                  Tmut/Erth      24%        N/A       16%         4
 Iskenderun's Battlesphe  Conj           18%        2d7       63%         5
 Leda's Unmaking          Conj/Erth      11%        9d3       95%         6
 Spellforged Servitor     Conj/Summ      9%         N/A       100%        7


Dungeon Overview and Level Annotations

Branches:
Dungeon (8/15)             Temple (1/1) D:7           Sewer (visited)
   Lair: D:8-11

Altars:
Ashenzari
Cheibriados
Dithmenos
Fedhas
Gozag
Kikubaaqudgha
Makhleb
Nemelex Xobeh
Qazlal
Ru
Sif Muna
Trog
Uskayaw
Wu Jian
Xom
Yredelemnul
Zin
The Shining One

Shops:
D:5 (   D:6 *

Annotations:
D:3 Palms's ghost, amateur GrGl
D:5 2 runed translucent doors, HallandMoats's ghost, novice DsFi


Innate Abilities, Weirdness & Mutations

You have very sharp teeth.
Your uncanny sense of smell can sniff out nearby items.
Your experience applies equally to all skills.


Message History

The yak is severely wounded.
The yak bellows!
The yak gores you!
Casting: Sandblast (safe; 1% risk of failure)
Confirm with . or Enter, or press ? or * to list all spells.
Aiming: Sandblast (safe; 1% risk of failure)
Press: ? - help, Shift-Dir - straight line, f/p - yak
Aim: a yak (moderately wounded, 90% to hit)
The blast of sand hits the yak!
The yak is almost dead.
The yak misses you. The yak gores you!
Casting: Sandblast (safe; 1% risk of failure)
Confirm with . or Enter, or press ? or * to list all spells.
Aiming: Sandblast (safe; 1% risk of failure)
Press: ? - help, Shift-Dir - straight line, f/p - yak
Aim: a yak (moderately wounded, 90% to hit)
The blast of sand hits the yak but does no damage.
The yak is almost dead.
The yak completely misses you.
Casting: Sandblast (safe; 1% risk of failure)
Confirm with . or Enter, or press ? or * to list all spells.
Aiming: Sandblast (safe; 1% risk of failure)
Press: ? - help, Shift-Dir - straight line, f/p - yak
Aim: a yak (moderately wounded, 90% to hit)
The blast of sand hits the yak!!
You kill the yak!
The yak gores you!
* * * LOW HITPOINT WARNING * * *
You have reached level 10!
You feel better. The yak gores you!
* * * LOW HITPOINT WARNING * * *
Casting: Sandblast (safe; 1% risk of failure)
Confirm with . or Enter, or press ? or * to list all spells.
Aiming: Sandblast (safe; 1% risk of failure)
Press: ? - help, Shift-Dir - straight line, f/p - yak
Aim: a yak (moderately wounded, 90% to hit)
The blast of sand hits the yak!!
The yak is almost dead.
The yak gores you!
You die...

# #.#.#∆ Y# ...#.# Y#
#..#.# .# ##.#... .#
.....# .# ...#
#########.#
##.#######.........#
#<.@YYY...#.<.......
#⌠.⌠..#######.##.......
#.._..... ......######
....⌠.⌠##### ########
###...# ####


You could see 3 yaks.

Vanquished Creatures
  A kobold demonologist (D:6)
  A hornet (D:7)
  Sigmund (D:3)
  A yak (D:8)
  A steam dragon (D:8)
  2 black bears (D:4)
  2 ice beasts
  2 ogres
  2 bullfrogs
  A gnoll sergeant (D:7)
  2 scorpions
  10 wights (D:7)
  An electric eel (D:7)
  4 hounds
  2 jellies
  2 gnoll boudas (D:7)
  7 orc priests
  Crazy Yiuf (D:2)
  A sleepcap (D:6)
  2 iguanas
  6 orc wizards
  Natasha (twice) (D:3)
  A hell rat (Sewer)
  9 gnolls (D:7)
  7 adders
  A river rat (Sewer)
  2 ufetubi
  3 worms
  2 dart slugs
  31 orcs
  3 bats
  6 endoplasms
  2 giant cockroaches
  9 goblins
  7 hobgoblins
  8 kobolds
  5 quokkas
  6 ball pythons
  4 frilled lizards
  7 rats
167 creatures vanquished.

Vanquished Creatures (others)
  An orc (D:5)
1 creature vanquished.

Grand Total: 168 creatures vanquished

Notes
Turn   | Place    | Note
-------+----------+-------------------------------------------
     0 | D:1      | garrulousMonolith the Gnoll Earth Elementalist began the
                  | quest for the Orb.
     0 | D:1      | Reached XP level 1. HP: 13/13 MP: 6/6
   247 | D:1      | Reached XP level 2. HP: 18/19 MP: 3/7
   804 | D:2      | Reached skill level 5 in Spellcasting
   804 | D:2      | Reached XP level 3. HP: 25/25 MP: 6/9
   975 | D:2      | Found a runed translucent door.
   976 | D:2      | Noticed Crazy Yiuf
  1150 | D:2      | Reached skill level 1 in Invocations
  1166 | D:2      | Found an ancient bone altar of Kikubaaqudgha.
  1514 | D:2      | Killed Crazy Yiuf
  1515 | D:2      | Reached skill level 1 in Fighting
  1515 | D:2      | Reached skill level 1 in Short Blades
  1515 | D:2      | Reached skill level 1 in Long Blades
  1515 | D:2      | Reached skill level 1 in Axes
  1515 | D:2      | Reached skill level 1 in Maces & Flails
  1515 | D:2      | Reached skill level 1 in Polearms
  1515 | D:2      | Reached skill level 1 in Staves
  1515 | D:2      | Reached skill level 1 in Ranged Weapons
  1515 | D:2      | Reached skill level 1 in Throwing
  1515 | D:2      | Reached skill level 1 in Armour
  1515 | D:2      | Reached skill level 1 in Shields
  1515 | D:2      | Reached skill level 1 in Unarmed Combat
  1515 | D:2      | Reached skill level 1 in Evocations
  1515 | D:2      | Reached XP level 4. HP: 18/32 MP: 6/11
  1652 | D:3      | Reached skill level 1 in Conjurations
  1652 | D:3      | Reached skill level 1 in Hexes
  1652 | D:3      | Reached skill level 1 in Summonings
  1652 | D:3      | Reached skill level 1 in Necromancy
  1652 | D:3      | Reached skill level 1 in Translocations
  1652 | D:3      | Reached skill level 1 in Fire Magic
  1652 | D:3      | Reached skill level 1 in Ice Magic
  1652 | D:3      | Reached skill level 1 in Air Magic
  1652 | D:3      | Reached skill level 1 in Poison Magic
  1652 | D:3      | Reached skill level 1 in Shapeshifting
  1838 | D:3      | Found a runed translucent gate.
  1838 | D:3      | Found a runed translucent gate.
  1838 | D:3      | Noticed Palms's ghost (amateur GrGl)
  1839 | D:3      | Found a runed translucent gate.
  1842 | D:3      | Found an ornate altar of the Wu Jian Council.
  1894 | D:3      | Reached XP level 5. HP: 29/37 MP: 6/12
  1948 | D:3      | Noticed Sigmund
  2380 | D:3      | Killed Sigmund
  2381 | D:3      | Reached skill level 5 in Dodging
  2381 | D:3      | Reached XP level 6. HP: 39/44 MP: 10/14
  2385 | D:3      | Learned a level 3 spell: Stone Arrow
  2388 | D:3      | Learned a level 2 spell: Passwall
  2438 | D:3      | Noticed Natasha
  2445 | D:3      | Killed Natasha
  2561 | D:3      | Noticed Natasha
  2572 | D:3      | Killed Natasha
  2716 | D:4      | Reached XP level 7. HP: 32/51 MP: 11/15
  2818 | D:4      | Found a bloodstained altar of Trog.
  2906 | D:4      | Reached skill level 5 in Stealth
  3593 | D:5      | Entered Level 5 of the Dungeon
  3597 | D:5      | Reached XP level 8. HP: 57/57 MP: 13/16
  3948 | D:5      | Found Ceurosh's Antique Weapon Boutique.
  3975 | D:5      | Found a runed translucent door.
  4127 | D:5      | Found a runed translucent door.
  4128 | D:5      | Noticed HallandMoats's ghost (novice DsFi)
  4301 | D:5      | Reached skill level 6 in Spellcasting
  5013 | D:6      | Noticed a kobold demonologist
  5017 | D:6      | Noticed a hellwing
  5018 | D:6      | Killed a kobold demonologist
  5235 | D:6      | Found a glowing drain.
  5246 | Sewer    | Entered a sewer
  5561 | D:6      | Reached XP level 9. HP: 65/65 MP: 8/18
  5801 | D:6      | Found a sacrificial altar of Ru.
  6162 | D:6      | Found Vuition's General Store.
  6335 | D:7      | Identified the +3 long sword of Hiamaxt {drain, Str+5}
  7097 | D:7      | Found a shimmering blue altar of Sif Muna.
  7319 | D:7      | Noticed a hornet
  7346 | D:7      | Killed a hornet
  7347 | D:7      | Reached skill level 5 in Invocations
  7650 | D:7      | Found a stormy altar of Qazlal.
  7851 | D:7      | Found a burning altar of Makhleb.
  7852 | D:7      | Found a basalt altar of Yredelemnul.
  7852 | D:7      | Found an opulent altar of Gozag.
  7855 | D:7      | Found a shimmering altar of Xom.
  7858 | D:7      | Reached skill level 7 in Spellcasting
  7880 | D:7      | Found a staircase to the Ecumenical Temple.
  8196 | D:8      | Found a sparkling altar of Nemelex Xobeh.
  8251 | Temple   | Entered the Ecumenical Temple
  8257 | Temple   | Became a worshipper of Ashenzari the Shackled
  8314 | D:8      | Reached XP level 10. HP: 8/73 MP: 4/20
  8315 | D:8      | Slain by a yak

Illustrated notes

Levels and vault maps discovered:
D:1:      wheals_arrival_shading, layout_basic
D:2:      layout_loops_cross, basic_altar, minivault_4, chequers_garden,
          uniq_crazy_yiuf_cottage
D:3:      layout_rooms, mainiacjoe_overflow_alcove_1,
          biasface_ghost_orc_armoury, minmay_cut_off, uniq_sigmund, uniq_natasha
D:4:      layout_cave_pools, trog_ov_bears_minmay,
          eino_small_chamber_without_monster
D:5:      layout_loops_cross, serial_shops, nicolae_square_shop,
          ebering_ghost_sewer_f
D:6:      layout_gridville, hangedman_ru_absence, serial_shops,
          nicolae_shop_behind_doors, portal_sewer_entry_d, serial_bayou_crossing
D:7:      layout_loops_ring, mainiacjoe_overflow_catch_the_wave,
          chequers_temple_overflow_statue_of_worship, minmay_temple_entry_hall
D:8:      layout_loops_ring, nemelex_xobeh_ov_fountains_minmay, enter_bailey_3
Temple:   hellmonk_temple_two_chambers

Skill      XL: |  1  2  3  4  5  6  7  8  9 |
---------------+----------------------------+-----
Transmutations | 2 3 4 |  4.6
Spellcasting   | 5 6 7 |  7.1
Invocations    | 1 2 3 4 5 |  5.4
Fighting       | 1 2 3 4 |  4.9
Short Blades   | 1 2 3 4 |  4.9
Long Blades    | 1 2 3 4 |  4.9
Axes           | 1 2 3 4 |  4.9
Maces & Flails | 1 2 3 4 |  4.9
Polearms       | 1 2 3 4 |  4.9
Staves         | 1 2 3 4 |  4.9
Ranged Weapons | 1 2 3 4 |  4.9
Throwing       | 1 2 3 4 |  4.9
Armour         | 1 2 3 4 |  4.9
Shields        | 1 2 3 4 |  4.9
Unarmed Combat | 1 2 3 4 |  4.9
Evocations     | 1 2 3 4 |  4.9
Conjurations   | 1 2 3 4 |  4.0
Hexes          | 1 2 3 4 |  4.0
Summonings     | 1 2 3 4 |  4.0
Necromancy     | 1 2 3 4 |  4.0
Translocations | 1 2 3 4 |  4.0
Fire Magic     | 1 2 3 4 |  4.0
Ice Magic      | 1 2 3 4 |  4.0
Air Magic      | 1 2 3 4 |  4.0
Poison Magic   | 1 2 3 4 |  4.0
Shapeshifting  | 1 2 3 4 |  4.0
Dodging        | 5 6 |  6.8
Stealth        | 5 6 |  6.5
Earth Magic    | 6 |  6.9

Action                     |  1- 3 |  4- 6 |  7- 9 | 10-12 || total
---------------------------+-------+-------+-------+-------++-------
  Melee: Unarmed           |       |    17 |       |       ||    17
         Bite              |       |     4 |     1 |       ||     5
         Dagger            |       |       |     2 |       ||     2
   Cast: Sandblast         |    43 |    76 |   127 |     1 ||   247
         Stone Arrow       |       |     3 |    93 |       ||    96
    Use: Potion            |       |     1 |     7 |     1 ||     9
         Scroll            |       |       |    11 |       ||    11
 Armour: Robe              |       |    10 |     5 |       ||    15
         Leather armour    |       |       |    18 |       ||    18
  Dodge: Dodged            |     5 |    52 |    61 |       ||   118

Table legend: (Time is in decaauts)
 A = Elapsed time spent in this place.
 B = Non-inter-level travel time spent in this place.
 C = Inter-level travel time spent in this place.
 D = Time resting spent in this place.
 E = Time spent auto-exploring this place.
 F = Levels seen in this place.
 G = Mean time per level.
                   A        B        C        D        E       F      G
               +--------+--------+--------+--------+--------+-----+--------+
         Total |   8446 |   8211 |    235 |   2126 |   4734 |  10 |  844.6 |
       Dungeon |   8128 |   7893 |    235 |   2093 |   4501 |   8 | 1016.0 |
        Temple |     12 |     12 |      0 |      0 |      0 |   1 |   12.0 |
         Sewer |    305 |    305 |      0 |     33 |    233 |   1 |  305.0 |
               +--------+--------+--------+--------+--------+-----+--------+

Top non-repeatable levels by time:
     D:7: 1955 daAuts
     D:5: 1299 daAuts
     D:3: 1079 daAuts
     D:6: 1064 daAuts
     D:4: 1016 daAuts
     D:2: 926 daAuts
     D:1: 750 daAuts
   Sewer: 305 daAuts
     D:8: 37 daAuts
  Temple: 12 daAuts
